 Dungeon Crawl Stone Soup version 0.25-a0-603-g0321be95db (webtiles) character file.

Game seed: 17572009011757011253, levelgen mode: deterministic

2 Forro the Magician (level 1, 0/14 HPs)
             Began as a Ghoul Wizard on Mar 16, 2020.
             Slain by a kobold
             ... wielding a cursed +0 short sword
              (2 damage)
             ... on level 1 of the Dungeon.
             The game lasted 00:01:46 (50 turns).

Forro the Magician (Ghoul Wizard)                     Turns: 50, Time: 00:01:46

Health: 0/14       AC:  2    Str: 10    XL:     1   Next: 40%
Magic:  2/3        EV: 12    Int: 13    God:
Gold:   0          SH:  0    Dex:  7    Spells: 4/5 levels left

rFire    . . .     SeeInvis .   (no weapon)
rCold    + . .     Gourm    .   (no shield)
rNeg     + + +     Faith    .   a - +0 robe
rPois    ∞         Spirit   .   b - +0 hat
rElec    .         Reflect  .   (no cloak)
rCorr    .         Harm     .   (no gloves)
MR       .....                  (no boots)
Stlth    ++........             (no amulet)
HPRegen  0.00/turn              (no ring)
MPRegen  0.08/turn              (no ring)

@: rotting
A: rotting body, claws 1, carnivore, cold resistance 1, negative energy
resistance 3, inhibited regeneration, torment resistance, unbreathing
a: no special abilities


You were on level 1 of the Dungeon.
You were not hungry.

You visited 1 branch of the dungeon, and saw 1 of its levels.

Inventory:

Armour
 a - a +0 robe (worn)
 b - a +0 hat (worn)
Comestibles
 d - a ration


   Skills:
 + Level 1.7 Dodging
 + Level 2.1 Stealth
 + Level 2.8 Spellcasting
 + Level 0.7 Conjurations
   Level 0.8 Summonings
   Level 0.8 Translocations


You had 4 spell levels left.
You knew the following spells:

 Your Spells              Type           Power        Failure   Level  Hunger
a - Magic Dart            Conj           #...         17%         1    #......

Your spell library contained the following spells:

 Spells                   Type           Power        Failure   Level  Hunger
 Blink                    Tloc           N/A          26%         2    ###....
 Call Imp                 Summ           #.......     26%         2    ###....
 Slow                     Hex            #.......     34%         2    ###....
 Conjure Flame            Conj/Fire      #.......     52%         3    ###....
 Mephitic Cloud           Conj/Pois/Air  #.......     54%         3    ###....


Dungeon Overview and Level Annotations

Branches:
Dungeon (1/15)

Altars:


Innate Abilities, Weirdness & Mutations

Your body is rotting away.
You thrive on raw meat.
You are immune to poison.
You have sharp fingernails.
You are carnivorous and can eat meat at any time.
Your flesh is cold resistant. (rC+)
You are immune to negative energy. (rN+++)
You do not regenerate when monsters are visible.
You are immune to unholy pain and torment.
You can survive without breathing.


Message History

The hobgoblin shouts!
You scratch the kobold.
The kobold is severely wounded.
You hear a shout!
The kobold hits you with a cursed +0 short sword.
You closely miss the kobold.
The kobold is severely wounded.
The kobold hits you with a cursed +0 short sword.
You miss the kobold.
The kobold is severely wounded.
The kobold hits you with a cursed +0 short sword.
* * * LOW HITPOINT WARNING * * *
A kobold comes into view. It is wielding a -1 dagger.
The kobold shouts!
You closely miss the kobold.
The kobold hits you but does no damage. x2
You completely miss the kobold. The kobold barely misses you.
The kobold misses you.
You barely miss the kobold.
The kobold hits you with a cursed +0 short sword.
You die...

#..######..#
#........# #.######.#
) #.#....#.# ..
#.#.#.<#.# ...
#.#.####.# ....
#.#......# ##. .....
#.########.....
......#....gK@K......
........#######......
........# .....
......... ....
.....g...# ...
.........# ##
.##......# #......#
#......#


You could see a hobgoblin and 2 kobolds.

Vanquished Creatures
  2 goblins (D:1)
2 creatures vanquished.

Notes
Turn   | Place    | Note
-------+----------+-------------------------------------------
     0 | D:1      | Forro the Ghoul Wizard began the quest for the Orb.
     0 | D:1      | Reached XP level 1. HP: 14/14 MP: 3/3
    50 | D:1      | Slain by a kobold

Levels and vault maps discovered:
D:1:      zelgadis_glass_arrival_small, layout_basic

Action                   || total
-------------------------++-------
Melee: Unarmed           ||     9
 Cast: Magic Dart        ||     5
Dodge: Dodged            ||     3

Table legend:
 A = Non-vault XP
 B = Vault XP
 C = Vault XP percentage of total XP
 D = Non-vault monster count
 E = Vault monster count
 F = Vault count percentage of total count
                 A         B        C        D         E       F
            +---------+---------+-------+---------+---------+-------
      Total |       4 |       0 |   0.0 |       2 |       0 |   0.0
            +---------+---------+-------+---------+---------+-------
        D:1 |       4 |       0 |   0.0 |       2 |       0 |   0.0
            +---------+---------+-------+---------+---------+-------
